 Dungeon Crawl Stone Soup version 0.29-a0-334-gb41bcbb86e (webtiles) character file.

Game seed: 9655555797253677582

53 Antichthon the Grasshopper (level 3, -2/32 HPs)
             Began as a Naga Warper on Apr 14, 2022.
             Killed by divine providence
             ... invoked by an orc priest
              (9 damage)
             ... on level 3 of the Dungeon.
             The game lasted 00:03:20 (1988 turns).

Antichthon the Grasshopper (Naga Warper)            Turns: 1988, Time: 00:03:20

Health: -2/32      AC:  5    Str: 13    XL:     3   Next: 87%
Magic:  6/6        EV:  9    Int: 13    God:
Gold:   140        SH:  0    Dex: 12    Spells: 1/6 levels left

rFire   + . .      SeeInvis +   a - +0 battleaxe
rCold   + . .      Faith    .   (shield currently unavailable)
rNeg    . . .      Spirit   .   k - +0 leather armour
rPois   +          Reflect  .   i - +2 helmet
rElec   .          Harm     .   p - scarf {rC+ rF+}
rCorr   .          Rampage  .   (no gloves)
Will    .....                   (no barding)
Stlth   +.........              (no amulet)
HPRegen 0.10/turn               (no ring)
MPRegen 0.10/turn               (no ring)

@: very slow
A: AC +1, large, see invisible, deformed body, poison resistance, slowness 2,
spit poison 1, naga tail 1
a: Spit Poison


You were on level 3 of the Dungeon.
You visited 1 branch of the dungeon, and saw 3 of its levels.

You collected 140 gold pieces.

Inventory:

Hand Weapons
 a - a +0 battleaxe (weapon)
 b - a +0 hunting sling
Missiles
 d - 7 boomerangs of dispersal (quivered)
Armour
 i - a +2 helmet (worn)
 k - a +0 leather armour (worn)
 p - a scarf of resistance (worn)
Scrolls
 g - a scroll of teleportation {unknown}
 h - a scroll of immolation {unknown}
 l - a scroll of noise {unknown}
 n - a scroll of vulnerability {unknown}
Potions
 e - 3 potions of haste {unknown}
 f - 2 potions of degeneration {unknown}
 j - a potion of might {unknown}
 m - a potion of lignification {unknown}
 o - a potion of heal wounds {unknown}


   Skills:
 * Level 2.1 Fighting
 * Level 2.3 Axes
 * Level 0.2(0.6) Slings
 - Level 0.8(0.9) Throwing
 * Level 1.2 Armour
 * Level 1.7 Dodging
 * Level 1.2 Stealth
 * Level 0.5 Shields
 * Level 2.1 Spellcasting
 * Level 3.2 Translocations
 * Level 0.4 Transmutations
 * Level 0.2 Earth Magic
 * Level 0.5 Invocations


You had one spell level left.
You knew the following spells:

 Your Spells              Type           Power      Damage    Failure   Level
a - Blink                 Tloc           18%        N/A       13%         2
b - Teleport Other        Tloc           9%         N/A       26%         3

Your spell library contained the following spells:

 Spells                   Type           Power      Damage    Failure   Level
 Gell's Gravitas          Tloc           9%         N/A       26%         3
 Lesser Beckoning         Tloc           9%         N/A       26%         3
 Manifold Assault         Tloc           9%         N/A       93%         5


Dungeon Overview and Level Annotations

Branches:
Dungeon (3/15)

Altars:


Innate Abilities, Weirdness & Mutations

Your serpentine skin is tough. (AC +1)
You have supernaturally acute eyesight. (SInv)
Armour fits poorly on your strangely shaped body.
Your system is resistant to poisons. (rPois)
You cover ground very slowly.
You can spit poison.
You have a snake-like lower body.


Message History

p - a scarf of resistance You aren't carrying any pieces of jewellery.
Unknown command.
You start putting on your armour.
You continue putting on your scarf of resistance. x4
You finish putting on your scarf of resistance.
You feel resistant to extremes of temperature.
An orc comes into view. It is wielding a +0 hand axe.
The orc shouts! 2 orcs come into view.
The orc shouts!
You hit the orc but do no damage.
An orc priest comes into view. It is wielding a +0 hand axe.
The orc hits you with a +0 hand axe.
The orc priest shouts!
You hit the orc but do no damage. The orc closely misses you.
The orc barely misses you. x2
You barely miss the orc. You hit the orc.
A quokka comes into view.
The orc barely misses you. The orc hits you with a +0 hand axe.
You closely miss the orc. You slash the orc!
You kill the orc!
You barely miss the orc. The orc hits you but does no damage.
The orc hits you with a +0 hand axe.
The quokka twitches its whiskers.
The orc hits you with a +0 hand axe.
Unknown command.
You hit the orc.
The orc is heavily wounded.
You hit the orc but do no damage. The orc barely misses you.
The orc closely misses you. The orc barely misses you.
The orc hits you with a +0 flail.
* * * LOW HITPOINT WARNING * * *
Unknown command.
Blink to where?
Press: ? - help, Dir - move target
As you read the scroll of blinking, it crumbles to dust.
The orc priest mumbles some strange prayers to Beogh against you.
Beogh smites you!
You die...

#. #....#### #..##
#....#
.#...#######....###
.........[........#
#...##.#....>...### #..#
#.#........#<.
######..###.####...###.†
#......>....# #...# ##.
##.@###.# #......##
#..#...# ##.###...
#...^#.# .# #...
#....#.# .# #...
#....#.# ## #(##
#....#.# ## ####....#.#
#...oo..#.# #.##§#..#.#


You could see an orc priest and an orc.

Vanquished Creatures
  An adder (D:2)
  An orc (D:3)
  2 endoplasms (D:1)
  3 giant cockroaches (D:1)
  4 goblins
  3 hobgoblins (D:1)
  2 jackals (D:2)
  4 quokkas
  5 ball pythons
  6 bats
  4 frilled lizards
  A kobold (D:3)
  4 rats
40 creatures vanquished.

Notes
Turn   | Place    | Note
-------+----------+-------------------------------------------
     0 | D:1      | Antichthon the Naga Warper began the quest for the Orb.
     0 | D:1      | Reached XP level 1. HP: 19/19 MP: 3/3
   203 | D:1      | Reached XP level 2. HP: 18/26 MP: 5/5
   566 | D:1      | Reached skill level 1 in Armour
   888 | D:1      | Reached skill level 1 in Stealth
   976 | D:1      | Reached XP level 3. HP: 22/32 MP: 6/6
   979 | D:1      | Learned a level 2 spell: Blink
   983 | D:1      | Learned a level 3 spell: Teleport Other
  1988 | D:3      | Killed from afar by an orc priest

Illustrated notes

Levels and vault maps discovered:
D:1:      amcnicky_arrival_flooded_fountain, layout_basic
D:2:      layout_basic
D:3:      layout_loops_ring, yredelemnul_forgotten_temple_becter,
          grunt_ministairs_6, hangedman_abyss_or_decor_stabs, dk_noncrumbling_4

Skill      XL: |  1  2 |
---------------+-------+-----
Armour         | 1 |  1.2
Stealth        | 1 |  1.2
Fighting       | |  2.1
Axes           | |  2.3
Slings         | |  0.2
Throwing       | |  0.8
Dodging        | |  1.7
Shields        | |  0.5
Spellcasting   | |  2.1
Translocations | |  3.2
Transmutations | |  0.4
Earth Magic    | |  0.2
Invocations    | |  0.5

Action                   || total
-------------------------++-------
Melee: Hand axe          ||    68
       Punch             ||     1
       Battleaxe         ||     9
 Abil: Spit Poison       ||    19
  Use: Scroll            ||     1
Armor: Leather armour    ||    30
Dodge: Dodged            ||    60

Table legend: (Time is in decaauts)
 A = Elapsed time spent in this place.
 B = Non-inter-level travel time spent in this place.
 C = Inter-level travel time spent in this place.
 D = Time resting spent in this place.
 E = Time spent auto-exploring this place.
 F = Levels seen in this place.
 G = Mean time per level.
                   A        B        C        D        E       F      G
               +--------+--------+--------+--------+--------+-----+--------+
         Total |   2429 |   2343 |     86 |      0 |   1934 |   3 |  809.7 |
       Dungeon |   2429 |   2343 |     86 |      0 |   1934 |   3 |  809.7 |
               +--------+--------+--------+--------+--------+-----+--------+

Top non-repeatable levels by time:
     D:1: 1548 daAuts
     D:2: 788 daAuts
     D:3: 92 daAuts
